AoeStats
← spadaccinho91

Four Lakes

510194760Analyzed
1v1 RM · 1d ago on Sep 29, 2026· 41m 52s· 2 players
Game mode
Random Map
Map size
Tiny (2 player)
Population
200
Speed
Normal
Resources
Standard
Victory
Conquest
Starting age
Dark Age
Ending age
Imperial Age
RankedLock teamsTeams togetherTeam positionsShared explorationLock speedFull tech treeHidden civsTurbo modeCheats
Victory
Defeat
🇮🇹 Byzantines · Italy
1026
+15
🇲🇽 Inca · Mexico
1003
-15
Winnie The Pooh
10:23 Loom
12:35 Feudal Age
12:44 Champi Runner
13:14 Fishing Lines
13:48 Double-Bit Axe
15:41 Scale Mail Armor
16:23 Forging
18:11 Arson
19:07 Wheelbarrow
21:20 Castle Age
20:17 Fletching
22:25 Crossbowman
23:07 Squires
23:39 Bodkin Arrow
24:09 Gillnets
25:25 Gold Mining
25:48 Bow Saw
25:22 Horse Collar
25:32 Champi Warrior
26:40 Pikeman
28:02 Stone Mining
31:36 Gold Shaft Mining
33:29 Hand Cart
33:27 Heavy Plow
38:06 Imperial Age
40:24 Elite Champi Warrior
40:31 Elite Skirmisher
40:34 Arbalester
41:20 Thumb Ring
spadaccinho91
12:10 Feudal Age
13:10 Double-Bit Axe
14:45 Fishing Lines
17:56 Castle Age
16:25 Loom
20:59 Fletching
21:27 Gillnets
22:25 Wheelbarrow
21:51 Bodkin Arrow
24:58 Bow Saw
25:05 Hand Cart
24:46 Gillnets
26:34 Horse Collar
28:03 Thumb Ring
28:20 Ballistics
32:05 Imperial Age
30:15 Scale Barding Armor
32:08 Chain Barding Armor
31:59 Forging
32:43 Murder Holes
32:29 Treadmill Crane
32:45 Elite Cataphract
34:38 Conscription
36:36 Guilds
37:29 Chemistry
37:42 Husbandry
38:49 Heavy Plow
41:19 Hoardings
42:32 Logistica
Connection lost

Rejoining the realm…

Still unreachable

The connection could not be restored.

Session expired

The server has moved on; the page needs a fresh start.